 Dungeon Crawl Stone Soup version 0.31-a0-271-gb88eb75e06 (webtiles) character file.

Game seed: 13041050494301812213

1542 Shard1697 the Ruffian (level 8, -4/54 (57) HPs)
             Began as a Pale Draconian Hedge Wizard on July 15, 2023.
             Was an Initiate of Yredelemnul.
             Killed from afar by Maggie (10 damage)
             ... with a bolt of fire
             ... on level 7 of the Dungeon.
             The game lasted 00:10:10 (6291 turns).

Shard1697 the Ruffian (Pale Draconian Hedge Wizard) Turns: 6291, Time: 00:10:11

HP:   -4/54 (57)    AC:  6    Str: 14    XL:     8   Next: 56%
MP:   12/12         EV: 12    Int: 16    God:    Yredelemnul [......]
Gold: 282           SH:  0    Dex: 10    Spells: 8/13 levels left

rFire   . .          .
                       - Unarmed
rCold   . . .        (no shield)
rNeg    . . .        (body armour unavailable)
rPois   .            b - melded +0 hat
rElec   .            (cloak currently unavailable)
rCorr   .            (gloves currently unavailable)
SInv    .            (boots currently unavailable)
Will    .....        (no amulet)
Stlth   ++           (no ring)
HPRegen 0.29/turn    (no ring)
MPRegen 0.13/turn

%: no passive effects
@: beast-form, mesmerised, drained
A: beast (slay +3), breathe steam, AC +6, unfitting armour, cold-blooded, steam
resistance
a: Breathe Steam, Begin Untransformation, Renounce Religion, Recall Undead
Harvest


You were on level 7 of the Dungeon.
You worshipped Yredelemnul.
Yredelemnul was noncommittal.
You were a hulking beast.
You visited 2 branches of the dungeon, and saw 8 of its levels.

You collected 324 gold pieces.
You spent 42 gold pieces at shops.

Inventory:

Hand Weapons
 a - the +8 mace "Xybeetih" {heavy, rN+ rCorr SInv}
   (You found it on level 3 of the Dungeon)

   rN:        It protects you from negative energy.
   SInv:      It lets you see invisible.
   rCorr:     It protects you from acid and corrosion.
Armour
 b - a +0 hat (melded)
 u - a +1 buckler
Jewellery
 e - an amulet of guardian spirit
 v - an amulet of reflection
Talismans
 r - a beast talisman
Scrolls
 d - a scroll of revelation
 f - a scroll of vulnerability
 g - 3 scrolls of enchant armour
 h - a scroll of torment
 o - 2 scrolls of poison
 p - 2 scrolls of teleportation
Potions
 c - a potion of magic
 m - 2 potions of heal wounds {unknown}
 s - 3 potions of degeneration {unknown}
 t - a potion of mutation
 w - a potion of berserk rage
 x - a potion of cancellation
 A - a potion of resistance {unknown}
 B - a potion of invisibility
 C - 3 potions of enlightenment {unknown}


   Skills:
 - Level 1.7 Dodging
 - Level 1.7 Stealth
 * Level 7.7 Unarmed Combat
 - Level 3.0 Spellcasting
 - Level 2.2 Conjurations
 - Level 3.2 Summonings
 - Level 1.0 Translocations
 - Level 2.0 Air Magic
 - Level 1.7 Poison Magic
 + Level 4.4 Shapeshifting


You had 8 spell levels left.
You knew the following spells:

 Your Spells              Type           Power      Damage    Failure   Level
b - Call Imp              Summ           24%        N/A       8%          2
c - Mephitic Cloud        Conj/Pois/Air  8%         N/A       24%         3

Your spell library contained the following spells:

 Spells                   Type           Power      Damage    Failure   Level
 Magic Dart               Conj           36%        1d4       8%          1
 Cigotuvi's Dreadful Rot  Necr/Pois/Air  12%        N/A       17%         2
 Freeze                   Ice            8%         1d3       19%         1
 Slow                     Hex            8%         N/A       19%         1
 Blink                    Tloc           10%        N/A       19%         2
 Hailstorm                Conj/Ice       5%         3d4       34%         3
 Frozen Ramparts          Ice            4%         1d1       50%         3
 Tukima's Dance           Hex            2%         N/A       50%         3
 Passage of Golubria      Tloc           5%         N/A       77%         4
 Yara's Violent Unravell  Hex/Tmut       1%         3d3       99%         5


Dungeon Overview and Level Annotations

Branches:
Dungeon (7/15)             Temple (1/1) D:6

Altars:
Ashenzari
Cheibriados
Fedhas
Hepliaklqana
Sif Muna
Trog
Vehumet
Xom
Yredelemnul
Zin

Shops:
D:3 *

Annotations:
D:3 1 runed translucent door, Midn8's ghost, amateur OpCj
D:4 Eustachio
D:7 Maggie


Innate Abilities, Weirdness & Mutations

You are a hulking beast.
Your limbs bulge with bestial killing power. (Slay +3)
You can breathe blasts of scalding, opaque steam.
Your pale cyan-grey scales are hard. (AC +6)
You cannot fit into any form of body armour.
You are cold-blooded and may be slowed by cold attacks.
You are immune to the effects of steam.


Message History

Maggie is lightly wounded.
You punch Maggie!
Maggie is moderately wounded.
Maggie is engulfed in poison gas.
Maggie is poisoned.
Maggie completely misses you.
You hit Maggie but do no damage. You tail-slap Maggie.
Maggie is moderately wounded.
Maggie is engulfed in poison gas.
Maggie looks even sicker.
Maggie gestures wildly while chanting.
Maggie draws you further into her thrall.
You hit Maggie.
Your tail-slap misses Maggie.
Maggie is moderately wounded.
Maggie is engulfed in poison gas.
Maggie looks even sicker.
Maggie hits you with a +2 morningstar of draining!
You feel drained.
You punch Maggie!
Maggie is heavily wounded.
Maggie looks as sick as possible!
Maggie completely misses you.
You hit Maggie. You tail-slap Maggie.
Maggie is heavily wounded.
Maggie is engulfed in poison gas.
Maggie looks as sick as possible!
Maggie points at you and mumbles some strange words.
The bolt of fire hits you!
* * * LOW HITPOINT WARNING * * *
You hit Maggie.
Maggie is severely wounded.
You completely miss Maggie.
Maggie is severely wounded.
Maggie is engulfed in poison gas.
Maggie looks as sick as possible!
Maggie hits you with a +2 morningstar of draining.
* * * LOW HITPOINT WARNING * * *
You feel drained.
* * * LOW HITPOINT WARNING * * *
You hit Maggie but do no damage.
Your tail-slap misses Maggie.
Maggie is almost dead.
Maggie is engulfed in poison gas.
Maggie looks as sick as possible!
Maggie points at you and mumbles some strange words.
The bolt of fire hits you!
You die...
Your body rises from the dead as a mindless zombie.

.# #.# #.#
#o# #.# #..#
###
##§§####§#
##§§§§.@h##
#..§§§☼○○○##
.#####§☼§○#
##§§## #☼§#
#§## #§# #○#
..


You could see Maggie (mesmerising, extremely poisoned).

Vanquished Creatures
  A shadow (D:6)
  An ice beast (D:6)
  2 black bears (D:5)
  2 ogres
  A centaur (D:5)
  A bullfrog (D:6)
  A scorpion (D:5)
  3 killer bees (D:6)
  2 jellies (D:6)
  2 hounds (D:6)
  An orc priest (D:3)
  2 iguanas (D:5)
  A sleepcap (D:6)
  5 orc wizards
  4 gnolls (D:5)
  6 adders
  A shadow imp (D:6)
  3 dart slugs
  15 orcs
  3 ball pythons (D:2)
  6 bats
  7 endoplasms
  4 giant cockroaches
  7 hobgoblins
  4 jackals
  4 quokkas
  2 frilled lizards
  8 goblins
  7 kobolds
  9 rats
115 creatures vanquished.

Vanquished Creatures (collateral kills)
  An orc wizard (D:5)
  2 adders
  A giant cockroach (D:2)
  A goblin (D:3)
  A jackal (D:3)
  A frilled lizard (D:3)
  A rat (D:2)
8 creatures vanquished.

Vanquished Creatures (others)
  An ice beast zombie (D:6)
  An adder zombie (D:6)
  An orc (D:7)
  A kobold zombie (D:6)
4 creatures vanquished.

Grand Total: 127 creatures vanquished

Notes
Turn   | Place    | Note
-------+----------+-------------------------------------------
     0 | D:1      | Shard1697 the Draconian Hedge Wizard began the quest for
                  | the Orb.
     0 | D:1      | Reached XP level 1. HP: 14/14 MP: 4/4
   290 | D:1      | Reached XP level 2. HP: 20/20 MP: 6/6
   464 | D:1      | Learned a level 2 spell: Call Imp
  1102 | D:2      | Reached XP level 3. HP: 24/26 MP: 7/7
  1145 | D:2      | Learned a level 3 spell: Mephitic Cloud
  1569 | D:2      | Reached XP level 4. HP: 33/33 MP: 8/8
  1733 | D:3      | Reached skill level 1 in Air Magic
  1733 | D:3      | Reached skill level 1 in Poison Magic
  1949 | D:3      | Found Ziqoot's General Store.
  1991 | D:3      | Bought a scroll of teleportation for 42 gold pieces
  2000 | D:3      | Found a runed translucent door.
  2001 | D:3      | Noticed Midn8's ghost (amateur OpCj)
  2207 | D:3      | Reached XP level 5. HP: 38/38 MP: 9/9
  2303 | D:3      | Identified the +8 mace "Xybeetih" {heavy, rN+ rCorr SInv}
  2499 | D:4      | Noticed an ogre
  2517 | D:4      | Killed an ogre
  2518 | D:4      | Reached skill level 2 in Unarmed Combat
  2518 | D:4      | Reached skill level 1 in Shapeshifting
  2609 | D:4      | Reached XP level 6. HP: 25/45 MP: 10/10
  3090 | D:4      | Reached skill level 3 in Unarmed Combat
  3417 | D:5      | Entered Level 5 of the Dungeon
  3430 | D:5      | Noticed Eustachio
  3866 | D:5      | Reached skill level 4 in Unarmed Combat
  3866 | D:5      | Your scales start taking on a pale cyan-grey colour.
  3866 | D:5      | Reached XP level 7. HP: 20/50 MP: 11/11
  3866 | D:5      | Gained mutation: You are immune to the effects of steam.
                  | [Pale Draconian growth]
  4401 | D:5      | Reached skill level 5 in Unarmed Combat
  4600 | D:6      | Noticed a shadow
  4613 | D:6      | Killed a shadow
  4614 | D:6      | Reached skill level 6 in Unarmed Combat
  4614 | D:6      | Reached XP level 8. HP: 22/57 MP: 10/12
  4804 | D:6      | Found a staircase to the Ecumenical Temple.
  4814 | Temple   | Entered the Ecumenical Temple
  4861 | Temple   | Became a worshipper of Yredelemnul the Dark
  4949 | D:6      | Reached skill level 7 in Unarmed Combat
  5553 | D:6      | Found a hazy altar of Hepliaklqana.
  5553 | D:6      | Found a glowing silver altar of Zin.
  5554 | D:6      | Found a broken altar of Ashenzari.
  5569 | D:6      | Reached * piety under Yredelemnul
  5986 | D:4      | HP: 2/57 [Eustachio/+3 rapier of venom (6)]
  6270 | D:7      | Noticed Maggie
  6291 | D:7      | Killed from afar by Maggie

Illustrated notes

Levels and vault maps discovered:
D:1:      minmay_arrival_five_plusses, layout_basic, hex_tiny,
          minmay_misc_feat_tiny, minmay_misc_feat_x, grunt_decor_resistance,
          chequers_avenue, minmay_pentomino_q4
D:2:      layout_basic
D:3:      layout_rooms, gammafunk_ghost_grave, serial_shops, shop
D:4:      nicolae_cairo_tiling_very_big, layout_basic
D:5:      layout_rooms, uniq_eustachio
D:6:      layout_basic, grunt_temple_overflow_open,
          minmay_temple_entry_purple_smoke
D:7:      layout_layer_cave, general_overflow_altar,
          hellmonk_guarded_unrand_lears, uniq_maggie
Temple:   mainiacjoe_temple_bowtie_tessellation

Skill      XL: |  1  2  3  4  5  6  7  8 |
---------------+-------------------------+-----
Summonings     | 2 3 |  3.2
Air Magic      | 1 2 |  2.0
Poison Magic   | 1 |  1.7
Conjurations   | 2 |  2.2
Unarmed Combat | 2 4 6 7 |  7.7
Shapeshifting  | 1 2 3 4 |  4.4
Dodging        | |  1.7
Stealth        | |  1.7
Spellcasting   | |  3.0
Translocations | |  1.0

Action                     |  1- 3 |  4- 6 |  7- 9 || total
---------------------------+-------+-------+-------++-------
  Melee: Spear             |    60 |       |       ||    60
         Tailslap          |    13 |     8 |    12 ||    33
         War axe           |   102 |    53 |       ||   155
         Mace              |       |    55 |    52 ||   107
         Punch             |       |     1 |     2 ||     3
         Unarmed           |       |       |    90 ||    90
   Cast: Magic Dart        |     8 |     2 |       ||    10
         Call Imp          |     1 |     7 |     5 ||    13
    Use: Scroll            |     1 |     1 |    15 ||    17
         Potion            |       |     3 |     2 ||     5
   Stab: Sleeping          |     4 |     3 |     1 ||     8
 Armour: Skin              |    99 |    48 |    61 ||   208
  Dodge: Dodged            |   141 |   106 |   116 ||   363
   Form: Beast             |       |       |     1 ||     1

Table legend: (Time is in decaauts)
 A = Elapsed time spent in this place.
 B = Non-inter-level travel time spent in this place.
 C = Inter-level travel time spent in this place.
 D = Time resting spent in this place.
 E = Time spent auto-exploring this place.
 F = Levels seen in this place.
 G = Mean time per level.
                   A        B        C        D        E       F      G
               +--------+--------+--------+--------+--------+-----+--------+
         Total |   6483 |   6137 |    346 |   1204 |   3608 |   8 |  810.4 |
       Dungeon |   6417 |   6088 |    329 |   1204 |   3577 |   7 |  916.7 |
        Temple |     65 |     48 |     17 |      0 |     31 |   1 |   65.0 |
               +--------+--------+--------+--------+--------+-----+--------+

Top non-repeatable levels by time:
     D:4: 1531 daAuts
     D:5: 1499 daAuts
     D:6: 971 daAuts
     D:1: 964 daAuts
     D:2: 876 daAuts
     D:3: 551 daAuts
  Temple: 65 daAuts
     D:7: 24 daAuts
